 Dungeon Crawl Stone Soup version 0.30-a0-862-g1aabd4f9c5 (webtiles) character file.

Game seed: 7384054426536875765

5 Esekla the Sneak (level 1, -7/16 HPs)
             Began as an Octopode Delver on Mar 9, 2023.
             Mangled by a sleepcap (19 damage)
             ... on level 5 of the Dungeon.
             The game lasted 00:01:30 (79 turns).

Esekla the Sneak (Octopode Delver)                    Turns: 79, Time: 00:01:31

Health: -7/16      AC:  1    Str: 11    XL:     1   Next: 80%
Magic:  1/1        EV:  2    Int: 12    God:
Gold:   0          SH:  0    Dex: 13    Spells: 0/0 levels left

rFire   . . .      SeeInvis .    a - +0 falchion
rCold   . . .      Faith    .    (no shield)
rNeg    . . .      Spirit   .    (helmet restricted)
rPois   .          Reflect  .    (no amulet)
rElec   .          Rampage  .    (no ring)
rCorr   .                        (no ring)
Will    .....                    (no ring)
Stlth   ++++                     (no ring)
HPRegen 0.22/turn                (no ring)
MPRegen 0.07/turn                (no ring)
                                 (no ring)
                                 (no ring)

@: sleeping
A: almost no armour, amphibious, 8 rings, camouflage 1, gelatinous body 1,
(nimble swimmer 1), tentacles
a: no special abilities


You were on level 5 of the Dungeon.
You visited 1 branch of the dungeon, and saw 1 of its levels.

Inventory:

Hand Weapons
 a - a +0 falchion (weapon)
Wands
 f - a wand of digging (3)
 h - a wand of mindburst (22)
Scrolls
 b - a scroll of fog
 c - a scroll of teleportation {unknown}
 d - a scroll of fear
 g - a scroll of vulnerability {unknown}
 j - a scroll of noise {unknown}
Potions
 e - a potion of haste
 i - 2 potions of ambrosia {unknown}


   Skills:
 * Level 3.0 Fighting
 * Level 2.0 Long Blades
 * Level 2.0 Dodging
 + Level 6.7 Stealth
 * Level 0.2 Spellcasting


You couldn't memorise any spells.
You didn't know any spells.
Your spell library was empty.

Dungeon Overview and Level Annotations

Branches:
Dungeon (5/15)
 Temple: D:4-7

Altars:


Innate Abilities, Weirdness & Mutations

You cannot wear most types of armour.
You are amphibious.
You can wear up to eight rings at the same time.
Your skin changes colour to match your surroundings (Stealth+).
Your rubbery body absorbs attacks. (AC +1, EV +1)
((You are camouflaged when in or above water. (Stealth+)))
You have tentacles for arms and can constrict up to eight enemies at once.


Message History

h - a wand of mindburst (22)
As you read the scroll of magic mapping, it crumbles to dust.
You feel aware of your surroundings.
You sensed 1 altar, and 1 shop/portal.
An ufetubus comes into view.
The ufetubus shouts!
You hit the ufetubus. You grab the ufetubus. Your squeeze misses the ufetubus.
The ufetubus is moderately wounded.
You constrict the ufetubus, but do no damage.
The ufetubus hits you. The ufetubus closely misses you.
You hit the ufetubus.
You kill the ufetubus!
Found a scroll labelled TANUAL YFAIGEI.
c - a scroll labelled TANUAL YFAIGEI An orc comes into view.
It is wielding a +0 hand axe.
A hound comes into view.
Found 2 fizzy sapphire potions and 2 glowing pink potions.
Found a scroll labelled ALACEKAHIMP.
An iguana comes into view.
Found a stone staircase leading down.
i - 2 glowing pink potions
Found an escape hatch in the ceiling.
j - a scroll labelled ALACEKAHIMP You see here a +0 falchion.
You hear the slow rusting of a drain very nearby.
A sleepcap comes into view.
A centaur comes into view.
Found 3 stones and a sapphire potion.
Found a scroll labelled DESTRAC HEAP KYLOT.
Found a stone staircase leading up.
An ufetubus comes into view.
You hit the sleepcap. You grab the sleepcap. You squeeze the sleepcap.
The sleepcap is moderately damaged.
You constrict the sleepcap, but do no damage.
The sleepcap releases spores at you.
You are engulfed in a cloud of soporific spores!
You fall asleep.
You lose your grip on the sleepcap.
The sleepcap releases spores at you!!
Ouch! That really hurt!
You die...

........#*,l...,* *,,,~~_~~,,*
.......##**,,...* *,,,~~,~~,,*
.......# *,,,..***,,,~~,~~,,*
.......#***,,,,.**,,,,,,,,,,,*
......##*,..,,,.##,*,*****,,,*
.....## #.#.#.*#..,*,** *****
##....###.....##.#**,,*
##............##.# ****
......####....##@# ...##.#
##.....f.# ...*#.###.....#..#
...##.##.........#
.........####..#.###***
..##.#.#.####.#.......*
,,,#...#.#............*
(..###.#..............#
..........####........#


You could see a sleepcap.

Vanquished Creatures
  An ufetubus (D:5)
1 creature vanquished.

Notes
Turn   | Place    | Note
-------+----------+-------------------------------------------
     0 | D:5      | Esekla the Octopode Delver began the quest for the Orb.
     0 | D:5      | Reached XP level 1. HP: 16/16 MP: 1/1
    32 | D:5      | Noticed a hound
    36 | D:5      | Noticed an iguana
    57 | D:5      | Noticed a sleepcap
    65 | D:5      | Noticed a centaur
    79 | D:5      | Mangled by a sleepcap

Illustrated notes

Levels and vault maps discovered:
D:5:      layout_rooms, nicolae_sif_muna_condensation, lightli_sewer_entry_pipes

Action                     || total
---------------------------++-------
  Melee: Falchion          ||     3
         Constrict         ||     2
         Tentacles         ||     1
    Use: Scroll            ||     1
  Dodge: Dodged            ||     1

Table legend: (Time is in decaauts)
 A = Elapsed time spent in this place.
 B = Non-inter-level travel time spent in this place.
 C = Inter-level travel time spent in this place.
 D = Time resting spent in this place.
 E = Time spent auto-exploring this place.
 F = Levels seen in this place.
 G = Mean time per level.
                   A        B        C        D        E       F      G
               +--------+--------+--------+--------+--------+-----+--------+
         Total |     79 |     79 |      0 |      0 |      0 |   1 |   79.0 |
       Dungeon |     79 |     79 |      0 |      0 |      0 |   1 |   79.0 |
               +--------+--------+--------+--------+--------+-----+--------+

Top non-repeatable levels by time:
     D:5: 79 daAuts
